 Dungeon Crawl Stone Soup version 0.19-a0-1170-g18f0c96 (webtiles) character file.

125162 TENETINYTRUMPHANDS the Lord of Darkness (level 16, -9/104 HPs)
             Began as a Tengu Necromancer on Aug 14, 2016.
             Was the Champion of Kikubaaqudgha.
             Mangled by YoMomma's ghost (31 damage)
             ... on level 2 of the Swamp on Aug 16, 2016.
             The game lasted 03:04:16 (43225 turns).

TENETINYTRUMPHANDS the Lord of Darkness (TeNe)     Turns: 43225, Time: 03:04:17

Health: -9/104     AC: 12    Str: 19    XL:     16   Next: 95%
Magic:  31/31      EV: 22    Int: 18    God:    Kikubaaqudgha [******]
Gold:   1822       SH: 11    Dex: 15    Spells: 10 memorised, 1 level left

rFire  . . .     SeeInvis .     a - +7 demon whip of Cowardice {drain, Str+6}
rCold  . . .     Gourm    .     z - +1 scale mail {MR+}
rNeg   . . .     Faith    .     J - +0 shield
rPois  +         Spirit   .     (helmet restricted)
rElec  .         Dismiss  .     U - +0 cloak {MR+}
rCorr  .         Reflect  .     q - +2 pair of gloves
MR     +++..     Harm     .     (boots unavailable)
Stlth  +.........               k - amulet of regeneration
                                S - +5 ring of evasion
                                y - ring of poison resistance

@: flying quickly and evasively, quick
A: beak, talons 3, able to fly 2
a: Stop Flying, Receive Corpses, Torment, Brand Weapon With Pain, Receive
Necronomicon, Renounce Religion


You were on level 2 of the Swamp.
You worshipped Kikubaaqudgha.
Kikubaaqudgha was exalted by your worship.
You were not hungry.

You visited 4 branches of the dungeon, and saw 26 of its levels.
You also visited: Labyrinth and Ice Cave.

You collected 2629 gold pieces.
You spent 807 gold pieces at shops.

Inventory:

Hand Weapons
 a - the +7 demon whip of Cowardice (weapon) {drain, Str+6}
   (You acquired it on level 2 of the Lair of Beasts)

   A truly terrible weapon, it drains the life of those it strikes.
   It affects your strength (+6).
 L - the +10 dark maul {crush}
   (You took it off a minotaur in a labyrinth)

   It inflicts extra damage upon your enemies.
Missiles
 O - 2 throwing nets (quivered)
Armour
 g - a swamp dragon hide
 q - a +2 pair of gloves (worn)
 z - a +1 scale mail of magic resistance (worn)
 H - a +2 buckler of poison resistance
 J - a +0 shield (worn)
 M - a +2 robe of resistance
 U - a +0 cloak of magic resistance (worn)
 Y - the +0 leather armour of the Moon {rElec Int+4}
   (You found it on level 5 of the Lair of Beasts)

   It affects your intelligence (+4).
   It insulates you from electricity.
Jewellery
 k - an amulet of regeneration (around neck)
 w - an uncursed ring of protection from cold
 x - a +4 ring of dexterity
 y - a ring of poison resistance (left hand)
 B - an uncursed ring of protection from magic
 F - an uncursed amulet of guardian spirit {Put this on?}
 S - a +5 ring of evasion (right hand)
Wands
 e - a wand of iceblast (10/15)
 l - a wand of iceblast (9/15)
 m - a wand of slowing (26/48)
 o - a wand of heal wounds (5/9)
 p - a wand of teleportation (2/9)
 v - a wand of digging (13/24)
 A - a wand of enslavement (23/24)
 P - a wand of slowing (35/48)
 R - a wand of disintegration (18/24)
 V - a wand of iceblast (9/15)
Scrolls
 b - 4 scrolls of teleportation
 n - 4 scrolls of remove curse
 u - 2 scrolls of enchant armour
 N - 2 scrolls of fear
 Q - a scroll of recharging
 Z - 4 scrolls of magic mapping
Potions
 d - a potion of lignification
 h - 4 potions of heal wounds
 j - a potion of ambrosia {!e}
 t - 2 potions of cancellation
 C - 2 potions of agility
 E - 6 potions of might
 G - 2 potions of haste
 I - 2 potions of brilliance
 K - 2 potions of magic
 T - a potion of invisibility
 W - 9 potions of curing
Miscellaneous
 f - a fan of gales
 r - a phantom mirror
 s - a lamp of fire
Comestibles
 c - 9 bread rations
 D - 2 chunks of flesh
 X - 23 fruits


   Skills:
 - Level 13.1 Fighting
 - Level 12.0 Maces & Flails
 - Level 4.9 Armour
 - Level 9.0 Dodging
 - Level 3.6 Stealth
 + Level 8.9 Shields
 - Level 10.3 Spellcasting
 - Level 8.0 Conjurations
 - Level 4.0 Charms
 + Level 16.4 Necromancy
 - Level 6.6 Evocations


You had one spell level left.
You knew the following spells:

 Your Spells              Type           Power        Failure   Level  Hunger
a - Pain                  Necr           ####         1%          1    None
b - Vampiric Draining     Necr           ######....   1%          3    None
c - Control Undead        Necr           ######....   1%          4    ###....
d - Agony                 Necr           ######..     1%          5    #####..
e - Regeneration          Chrm/Necr      #####.....   2%          3    None
f - Bolt of Draining      Conj/Necr      ######....   12%         5    #####..
g - Death Channel         Necr           ######....   10%         6    ######.
h - Sublimation of Blood  Necr           ######....   1%          2    None
x - Animate Dead          Necr           N/A          1%          4    ###....
z - Animate Skeleton      Necr           N/A          1%          1    None


Dungeon Overview and Level Annotations

Branches:
Dungeon (15/15)            Temple (0/1) D:4            Lair (6/6) D:8
  Swamp (3/4) Lair:2        Snake (0/4) Lair:4        Slime (0/5) Lair:6
    Orc (2/2) D:11            Elf (0/3) Orc:2        Vaults (0/5) D:13
 Depths (0/5) D:15

Altars:
Fedhas
Gozag
Kikubaaqudgha
Makhleb
Okawaru
Qazlal
Ru
Sif Muna
Trog
Uskayaw
Vehumet
Xom
The Shining One
Jiyva

Shops:
D:14 *   Orc:2 *}:*

Portals:
Trove: D:15 (give 8 potions of agility)

Annotations:
D:11 exclusion: obsidian statue
D:15 8 !agi trove
Swamp:1 exclusion: Roxanne, Roxanne
Swamp:2 YoMomma's ghost, adept MiFi
Swamp:3 Jorgrun


Innate Abilities, Weirdness & Mutations

You have a beak for a mouth.
You have claws for feet.
You can fly continuously.


Message History

Ye hit YoMomma's ghost but do nay damage.
Ye claw YoMomma's ghost, but do nay damage.
YoMomma's ghost be lightly damaged.
YoMomma's ghost hits ye!!
YoMomma's ghost burns ye!
* * * LOW HITPOINT WARNIN'
* * * Ye whack YoMomma's ghost!
Yer kick misses YoMomma's ghost.
YoMomma's ghost be moderately damaged.
Yer vampire mosquita zombie closely misses YoMomma's ghost.
Yer vampire mosquita zombie barely misses YoMomma's ghost.
Yer juvenile weirdox beast hits YoMomma's ghost but does nay damage.
Yer juvenile weirdox beast tramples YoMomma's ghost but does nay damage.
Ye whack YoMomma's ghost!
Ye claw YoMomma's ghost, but do nay damage.
Yer peck misses YoMomma's ghost.
YoMomma's ghost be moderately damaged.
Yer vampire mosquita zombie closely misses YoMomma's ghost.
Yer vampire mosquita zombie bites YoMomma's ghost but does nay damage.
YoMomma's ghost hits ye!!
Ye die...
Kikubaaqudgha rasps: "Ye haf failed me!
Welcome... death!"

♣♣.♣ ♣.≈.♣ ♣. ♣..♣ ♣≈..♣♣♣ ♣♣♣ ♣.
♣(.♣♣ ♣♣.....♣♣♣.♣♣ ♣. ♣...♣♣
♣.≈....♣♣.♣.♣ ♣.
♣....♣♣♣♣.≈.≈≈.♣♣♣.♣♣ ♣≈
≈≈....♣♣...≈≈≈..♣..♣ ♣♣♣ ♣♣♣♣.
..♣.♣....≈≈≈≈≈≈≈...♣ ♣♣<♣♣♣....
..♣♣...≈..≈≈.≈HZ≈≈.♣ ♣.♣.♣..[..
..♣♣...≈..≈♣.§≈W@..♣ ♣≈≈♣..##.#
.≈♣♣♣...♣♣≈≈.§≈Z≈≈≈♣♣ ♣..♣.....#
..♣ ♣.♣.♣♣♣..≈≈...≈≈♣ ♣[.♣..#...
.♣♣♣♣≈≈♣.♣♣♣≈≈.♣♣...♣♣♣♣..♣...#.#
.♣ ♣..§≈♣♣ ♣≈≈♣♣♣♣≈≈(..♣≈≈...#..#
.♣ ♣♣..♣♣ ♣..♣ ♣≈..♣.§≈≈...+..#
.♣ ♣...♣ ♣..♣ ♣♣...≈≈.≈...#..#
<♣♣♣.[.♣ ♣..♣ ♣♣..≈≈.....##..
.♣♣.≈.♣♣ ♣..♣♣ ♣♣≈.§≈≈.♣.....


You could see YoMomma's ghost, a friendly juvenile weirdox beast and 2 friendly
vampire mosquito zombies.

Vanquished Creatures
  Agnes (D:15)
  2 thorn hunters (Swamp:2)
  Kirke (D:12)
  An orc warlord (Orc:1)
  Snorg (D:14)
  A minotaur (Lab)
  Josephine (D:15)
  An ice dragon (Lair:6)
  11 hydras
  3 centaur warriors
  Harold (D:10)
  A ghost crab (Swamp:1)
  2 alligators (Swamp:1)
  2 dancing weapons (D:13)
  6 death yaks
  A death knight (D:15)
  A tengu warrior (D:15)
  A queen ant (Lair:3)
  3 orc high priests (Orc:2)
  3 spriggans
  An unseen horror (D:10)
  A shambling mangrove (Swamp:2)
  A swamp dragon (Lair:2)
  5 hill giants
  7 orc knights
  A deep elf mage (D:14)
  3 wolf spiders
  A mana viper (shapeshifter) (D:14)
  2 griffons
  15 ugly things
  An oklob plant (D:4)
  4 hornets
  3 cyclopes
  6 orc sorcerers
  5 slime creatures
  A manticore (shapeshifter) (D:14)
  9 elephants (Lair:3)
  6 torpor snails
  10 black mambas
  22 spiny frogs
  2 gargoyles
  2 swamp worm zombies (Swamp:2)
  A rime drake (shapeshifter) (D:13)
  An efreet (D:13)
  8 komodo dragons
  The ghost of badrng the Conjurer, a novice HECj (D:4)
  3 rime drakes
  2 tengu conjurers
  2 polar bears
  4 trolls
  2 two-headed ogres
  Grinder (D:5)
  A boulder beetle (Lair:6)
  8 giant leeches
  2 alligator zombies (Swamp:2)
  9 blink frogs (Lair:4)
  5 bog bodies
  6 redbacks (D:14)
  7 shadows
  A wyvern (shapeshifter) (D:14)
  2 vampires (D:14)
  40 yaks
  4 wraiths
  9 wyverns
  A giant leech zombie (Swamp:2)
  4 hogs (D:12)
  A human (D:9)
  6 basilisks
  5 hippogriffs
  16 vampire mosquitoes
  6 wargs
  3 hungry ghosts
  2 insubstantial wisps (Swamp:1)
  A large abomination (Swamp:2)
  2 mottled dragons
  2 nagas (Lair:4)
  11 swamp worms
  A naga (shapeshifter) (D:13)
  22 soldier ants
  18 water moccasins
  3 spiny frog zombies (Swamp:2)
  2 sky beasts
  10 porcupines
  4 swamp drakes
  A black bear (D:12)
  10 ice beasts
  12 wasps
  An eye of draining (D:13)
  27 orc warriors
  5 phantoms
  15 wolves
  4 boggarts (Lair:5)
  10 ogres
  15 crocodiles
  A big kobold (D:9)
  4 centaurs
  21 giant frogs
  A gnoll sergeant (D:9)
  A wyvern skeleton (D:14)
  4 scorpions
  4 killer bees (D:8)
  5 wights
  9 howler monkeys
  7 crimson imps
  3 giant frog zombies
  Crazy Yiuf (D:2)
  2 hounds
  2 centaur zombies
  28 orc priests
  3 jellies
  18 orc wizards
  A giant frog skeleton (D:5)
  A gnoll shaman (D:6)
  3 centaur skeletons
  33 worker ants
  6 iguanas
  31 sheep
  A killer bee zombie (D:6)
  The ghost of robotcentaur the Skirmisher, a weakling GrMo (D:3)
  A hound zombie (D:9)
  4 worker ant zombies
  10 gnolls
  62 river rats
  21 adders
  4 shadow imps
  2 oozes
  An adder zombie (D:6)
  An adder skeleton (D:6)
  3 worms
  A dart slug (D:2)
  10 giant geckos
  76 orcs
  4 ball pythons
  9 giant cockroaches
  11 goblins
  3 hobgoblins
  6 jackals
  16 kobolds
  5 quokkas
  6 bats
  A giant gecko skeleton (D:5)
  3 giant newts
  A quokka zombie (D:5)
  9 rats
  2 briar patches (Swamp:2)
  A fungus (D:4)
  2 plants
957 creatures vanquished.

Vanquished Creatures (collateral kills)
  A spriggan (Swamp:2)
  An unseen horror (D:15)
  A swamp dragon (Swamp:1)
  A lindwurm (Lair:6)
  A hornet (Swamp:1)
  A guardian serpent (Lair:6)
  A centaur skeleton (D:15)
  A swamp worm zombie (Swamp:2)
  A komodo dragon (D:8)
  A polar bear (Lair:6)
  A giant leech (Swamp:2)
  2 slime creatures (Swamp:1)
  A bog body (Swamp:2)
  4 vampire mosquitoes
  A mottled dragon (D:8)
  2 insubstantial wisps (Swamp:1)
  A water moccasin (Lair:2)
  A sky beast (D:7)
  2 wasps
  A wight (D:8)
  A centaur zombie (D:7)
  A worker ant (D:5)
  A gnoll (D:4)
  An adder (D:3)
  A worm (D:2)
  3 orcs
  A giant cockroach (D:2)
  A goblin (D:2)
  3 jackals
39 creatures vanquished.

Vanquished Creatures (others)
  A fire giant (D:15)
  A troll (Orc:1)
  A bog body (Swamp:1)
  A goblin (D:3)
  A bush (Lair:4)
  43 fungi
  47 plants
  20 toadstools (D:4)
115 creatures vanquished.

Grand Total: 1111 creatures vanquished

Notes
Turn   | Place    | Note
-------+----------+-------------------------------------------
     0 | D:1      | TENETINYTRUMPHANDS the Tengu Necromancer began the quest for the Orb.
     0 | D:1      | Reached XP level 1. HP: 10/10 MP: 4/4
    49 | D:1      | Learned a level 1 spell: Animate Skeleton
   280 | D:1      | Reached XP level 2. HP: 5/15 MP: 4/6
  1518 | D:1      | Reached XP level 3. HP: 19/19 MP: 7/7
  1626 | D:1      | Learned a level 3 spell: Vampiric Draining
  1966 | D:1      | Reached skill level 5 in Necromancy
  2748 | D:2      | Found a runed door.
  2752 | D:2      | Noticed Crazy Yiuf
  2759 | D:2      | Killed Crazy Yiuf
  2759 | D:2      | Reached XP level 4. HP: 12/24 MP: 0/9
  3552 | D:2      | Learned a level 4 spell: Control Undead
  3649 | D:3      | Gained mutation: You can fly. [Tengu growth]
  3649 | D:3      | Reached XP level 5. HP: 17/28 MP: 11/11
  4401 | D:3      | Reached skill level 6 in Necromancy
  4716 | D:3      | Found a stormy altar of Qazlal.
  4716 | D:3      | Noticed robotcentaur's ghost (weakling GrMo)
  4836 | D:4      | Found a deep blue altar of Sif Muna.
  4849 | D:4      | Reached XP level 6. HP: 29/32 MP: 8/13
  4926 | D:4      | Found an ancient bone altar of Kikubaaqudgha.
  4938 | D:4      | Learned a level 4 spell: Animate Dead
  4938 | D:4      | Became a worshipper of Kikubaaqudgha
  5178 | D:4      | Noticed badrng's ghost (novice HECj)
  5271 | D:4      | Noticed a phantom
  5294 | D:4      | Killed a phantom
  5421 | D:4      | Found an iron altar of Okawaru.
  5462 | D:4      | Found an opulent altar of Gozag.
  5496 | D:4      | Found a staircase to the Ecumenical Temple.
  5586 | D:4      | Reached skill level 5 in Spellcasting
  5586 | D:4      | Reached skill level 7 in Necromancy
  5586 | D:4      | Reached XP level 7. HP: 35/36 MP: 6/15
  5650 | D:4      | Learned a level 3 spell: Regeneration
  5789 | D:5      | Entered Level 5 of the Dungeon
  5980 | D:5      | Noticed Grinder
  6454 | D:6      | Reached skill level 8 in Necromancy
  6700 | D:6      | Noticed a two-headed ogre
  6810 | D:7      | Found a hide-covered altar of Uskayaw.
  6817 | D:7      | Reached XP level 8. HP: 39/41 MP: 13/18
  6908 | D:7      | Found a bloodstained altar of Trog.
  7421 | D:7      | Reached * piety under Kikubaaqudgha
  7421 | D:7      | Received a gift from Kikubaaqudgha
  7422 | D:7      | Identified Kikubaaqudgha's Tome of Evil Rites (Kikubaaqudgha gifted it to you on level 7 of the Dungeon)
  7570 | D:7      | Reached skill level 9 in Necromancy
  7916 | D:7      | Found a radiant altar of Vehumet.
  7916 | D:7      | Found a glowing golden altar of the Shining One.
  8412 | D:8      | Reached XP level 9. HP: 39/45 MP: 17/21
  8440 | D:8      | Noticed a komodo dragon
  8441 | D:8      | Noticed a komodo dragon
  8488 | D:8      | Killed a komodo dragon
  8502 | D:8      | Killed a komodo dragon
  8508 | D:8      | Noticed a komodo dragon
  8508 | D:8      | Reached skill level 10 in Necromancy
  8775 | D:8      | Learned a level 5 spell: Agony
  8910 | D:8      | Reached skill level 1 in Fighting
  9079 | D:8      | Reached ** piety under Kikubaaqudgha
  9683 | D:8      | Killed a komodo dragon
  9871 | D:8      | Found a staircase to the Lair.
  9891 | D:8      | Noticed a komodo dragon
 10228 | D:8      | Killed a komodo dragon
 10228 | D:8      | Reached skill level 5 in Dodging
 10448 | Lair:1   | Entered Level 1 of the Lair of Beasts
 10449 | Lair:1   | STRATEGY: +2 dagger, gg
 10538 | Lair:1   | Noticed a spiny frog
 10675 | Lair:1   | Reached skill level 1 in Maces & Flails
 10842 | Lair:1   | Reached XP level 10. HP: 47/58 MP: 14/22
 10897 | Lair:2   | Noticed a black mamba
 11014 | Lair:1   | Noticed a black mamba
 11016 | Lair:1   | ugh
 11020 | Lair:1   | Killed a black mamba
 11257 | Lair:2   | Noticed a spiny frog
 11269 | Lair:2   | Killed a spiny frog
 11269 | Lair:2   | Reached skill level 5 in Fighting
 11796 | Lair:2   | Found a staircase to the Swamp.
 11835 | Lair:2   | Noticed a spiny frog
 11937 | Lair:1   | Reached skill level 5 in Maces & Flails
 12813 | Lair:2   | Killed a black mamba
 13025 | Lair:1   | Learned a level 5 spell: Bolt of Draining
 13062 | Lair:3   | Noticed an elephant
 13070 | Lair:2   | Reached skill level 1 in Conjurations
 13344 | Lair:2   | Reached XP level 11. HP: 64/64 MP: 8/24
 14397 | Lair:3   | Reached skill level 5 in Conjurations
 14536 | Lair:3   | Found a burning altar of Makhleb.
 14654 | Lair:4   | yeesh
 14986 | Lair:4   | Found a staircase to the Snake Pit.
 15072 | Lair:6   | Entered Level 6 of the Lair of Beasts
 15105 | Lair:5   | Noticed a four-headed hydra
 15147 | Lair:5   | Found a frozen archway.
 15247 | Lair:5   | Reached *** piety under Kikubaaqudgha
 15247 | Lair:5   | Received a gift from Kikubaaqudgha
 15248 | Lair:5   | Identified Kikubaaqudgha's Grimoire of Evil Secrets (Kikubaaqudgha gifted it to you on level 5 of the Lair of Beasts)
 15317 | IceCv    | Entered an ice cave
 15317 | IceCv    | Noticed a white ugly thing
 15317 | IceCv    | Noticed johnl023's ghost (journeyman MiFi)
 17056 | Lair:2   | Reached skill level 11 in Necromancy
 17477 | Lair:2   | Identified a scroll of acquirement
 17478 | Lair:2   | Got an iridescent demon whip
 17479 | Lair:2   | Identified the +7 demon whip of Cowardice {drain, Str+6} (You acquired it on level 2 of the Lair of Beasts)
 17480 | Lair:2   | mmmmmmmmmm
 17591 | Lair:3   | Reached skill level 1 in Charms
 17599 | Lair:3   | Reached skill level 10 in Maces & Flails
 17635 | Lair:3   | Reached XP level 12. HP: 46/68 MP: 7/25
 18035 | Lair:3   | Noticed a queen ant
 18158 | Lair:3   | Killed a queen ant
 18267 | Lair:3   | Reached **** piety under Kikubaaqudgha
 18326 | Lair:3   | Reached skill level 12 in Necromancy
 18775 | Lair:3   | :D
 19692 | Lair:3   | Noticed a seven-headed hydra
 20065 | Lair:4   | Reached ***** piety under Kikubaaqudgha
 20104 | Lair:4   | Reached XP level 13. HP: 31/76 MP: 0/26
 20452 | Lair:4   | Reached skill level 13 in Necromancy
 20706 | Lair:4   | Reached skill level 1 in Armour
 21176 | Lair:5   | Got a steaming leather armour
 21190 | Lair:5   | Identified the +0 leather armour of the Moon {rElec Int+4} (You found it on level 5 of the Lair of Beasts)
 21190 | Lair:5   | ha
 22652 | Lair:6   | Found a staircase to the Slime Pits.
 22652 | Lair:6   | Found a viscous altar of Jiyva.
 23669 | Lair:6   | Reached skill level 14 in Necromancy
 23669 | Lair:6   | Gained mutation: You can fly continuously. [Tengu growth]
 23669 | Lair:6   | Reached XP level 14. HP: 86/86 MP: 25/28
 23690 | Lair:5   | Reached skill level 10 in Spellcasting
 23699 | Lair:5   | Learned a level 6 spell: Death Channel
 24539 | Lair:6   | Reached ****** piety under Kikubaaqudgha
 24576 | Lair:6   | Reached skill level 10 in Fighting
 24681 | Lair:6   | Found a runed door.
 24728 | Lair:6   | Reached skill level 1 in Evocations
 25760 | Lair:6   | nice
 26298 | D:9      | Found a burning altar of Makhleb.
 26298 | D:9      | Found a shimmering altar of Xom.
 26391 | D:9      | Found an iron altar of Okawaru.
 26981 | D:9      | Found a deep blue altar of Sif Muna.
 27667 | D:6      | Found a sacrificial altar of Ru.
 27809 | D:5      | Killed Grinder
 27963 | D:5      | Found a bloodstained altar of Trog.
 28377 | D:4      | Found a blossoming altar of Fedhas.
 28683 | D:4      | Found a blossoming altar of Fedhas.
 28757 | D:4      | Found a deep blue altar of Sif Muna.
 28797 | D:4      | Found an ancient bone altar of Kikubaaqudgha.
 28855 | D:4      | Found an iron altar of Okawaru.
 28876 | D:4      | Killed badrng's ghost
 28921 | D:4      | Found an opulent altar of Gozag.
 28971 | D:4      | Found a staircase to the Ecumenical Temple.
 29800 | D:3      | Found a stormy altar of Qazlal.
 29807 | D:3      | Killed robotcentaur's ghost
 30684 | D:10     | Entered Level 10 of the Dungeon
 30845 | D:10     | Reached skill level 1 in Shields
 30886 | D:10     | Noticed Harold
 30917 | D:10     | Killed Harold
 31335 | D:11     | Found a staircase to the Orcish Mines.
 31948 | D:11     | Reached XP level 15. HP: 73/93 MP: 12/30
 31992 | D:12     | Noticed Kirke
 32004 | D:12     | Killed Kirke
 32037 | D:12     | Found a shimmering altar of Xom.
 33039 | D:13     | Found a gate to the Vaults.
 33626 | D:14     | Reached skill level 5 in Evocations
 33638 | D:14     | Found a labyrinth entrance.
 33646 | Lab      | Entered a labyrinth
 34306 | Orc:1    | Entered Level 1 of the Orcish Mines
 34649 | Orc:2    | Entered Level 2 of the Orcish Mines
 34649 | Orc:2    | Found a staircase to the Elven Halls.
 34973 | Orc:2    | Found Geisuw Pogu's General Store.
 35214 | Orc:2    | Found Aci Tuod's Book Shop.
 35224 | Orc:2    | Bought a potion of heal wounds for 65 gold pieces
 35224 | Orc:2    | Bought a potion of degeneration for 13 gold pieces
 35226 | Orc:2    | Found Otip's Gadget Shop.
 35230 | Orc:2    | Found Xaicwas's Assorted Antiques.
 35238 | Orc:2    | Bought a twisted glaive for 368 gold pieces
 35238 | Orc:2    | Bought a scroll of identify for 64 gold pieces
 35244 | Orc:2    | Identified the +2 glaive of Varphyas {freeze, rN+ Stlth+} (You bought it in a shop on level 2 of the Orcish Mines)
 35334 | Orc:2    | Noticed an orc warlord
 35573 | Orc:1    | Killed an orc warlord
 36046 | D:8      | Learned a level 2 spell: Sublimation of Blood
 36523 | D:14     | Found a deep blue altar of Sif Muna.
 36525 | D:14     | Noticed Snorg
 36533 | D:14     | Killed Snorg
 36663 | D:14     | Reached XP level 16. HP: 104/104 MP: 16/31
 36972 | D:15     | Entered Level 15 of the Dungeon
 36975 | D:14     | you might want to wear spirit shield instead of regen ammy
 36975 | D:14     | Upgraded the game from 0.19-a0-1155-gb6eeeff to 0.19-a0-1169-g4149f68
 37294 | D:14     | Found Roant's Assorted Antiques.
 37301 | D:14     | Bought a dazzling scale mail for 297 gold pieces
 37301 | D:14     | Identified the cursed +0 scale mail of the Monkey {rElec rC- Int+10} (You bought it in a shop on level 14 of the Dungeon)
 37885 | Swamp:1  | Entered Level 1 of the Swamp
 38279 | Swamp:1  | Reached skill level 15 in Necromancy
 38341 | Swamp:1  | Reached skill level 5 in Shields
 38674 | Swamp:1  | Noticed Roxanne
 38861 | Swamp:1  | Got an iridescent dagger
 39290 | Swamp:2  | Noticed a thorn hunter
 39303 | Swamp:2  | Killed a thorn hunter
 39355 | Swamp:2  | Identified the +8 dagger "Woyprav" {vamp, -Tele Int-3 SInv Stlth+} (You found it on level 1 of the Swamp)
 39420 | Swamp:2  | Noticed a thorn hunter
 39454 | Swamp:2  | Killed a thorn hunter
 40151 | Swamp:2  | Noticed YoMomma's ghost (adept MiFi)
 40439 | Swamp:3  | Noticed Jorgrun
 40644 | Swamp:2  | Upgraded the game from 0.19-a0-1169-g4149f68 to 0.19-a0-1170-g18f0c96
 41250 | D:15     | Found a staircase to the Depths.
 41255 | D:15     | Reached skill level 16 in Necromancy
 41509 | D:15     | Noticed Josephine
 41582 | D:15     | Killed Josephine
 41886 | D:15     | Noticed Agnes
 41897 | D:15     | Killed Agnes
 42364 | D:15     | Found a portal to a secret trove of treasure.
 43225 | Swamp:2  | Mangled by YoMomma's ghost

Vault maps used:
D:1:      lightli_arrival_noodles, kennysheep_pointless_box
D:2:      uniq_crazy_yiuf_cottage
D:3:      nicolae_qazlal_eye_of_the_storm, minmay_misc_feat_hallway
D:4:      lemuel_crystal_altar, nicolae_gozag_cash_rules_everything_around_me,
          tgw_fedhas, nicolae_overflow_crystal_walls, first_bread,
          okawaru_ov_weapons_minmay
D:5:      minmay_diamond_boxcup, old_standard_altar, minmay_strange_pillars,
          uniq_grinder
D:6:      minmay_opposing_rooms, lemuel_coloured_pillars_altar
D:7:      eat_drink_and_be_merry_uskayaw, gammafunk_temple_overflow_statue,
          trog_book
D:8:      erik_lair_dragon, serial_glass, glass_columns_c, glass_columns_a
D:9:      grunt_temple_overflow_champion_of_chaos,
          nicolae_overflow_hidden_temple, grunt_livestock, led_sif_pool
D:10:     uniq_harold
D:11:     orc_0_dummy, minmay_protected_statue
D:12:     xom_teletrap_fun, uniq_kirke
D:13:     erik_vaults_1
D:14:     minmay_cut_squares, serial_shops, nicolae_shop_waterfront,
          basic_altar, minmay_door_square, lab_entry_generic, spider_trap,
          roderic_lattice_a, uniq_snorg
D:15:     grunt_enter_depths_giant_problem, grunt_decor_cap,
          nicolae_trove_entry_crystal, uniq_agnes, uniq_josephine
Lair:1:   minivault_26
Lair:2:   minmay_swamp_entry_reptiles, st_stairs_11, grunt_forest_stairs_basic
Lair:3:   basic_altar, minivault_29, grunt_megastairs_1
Lair:4:   guppyfry_snake_entry_garden, bh_autumn_forest_stairs
Lair:5:   portal_ice_cave_entry_ice_beasts, kilobyte_rumbling_trees,
          lemuel_fruit_tree, infiniplex_staircase_pool
Lair:6:   wormcave, hangedman_lair_tendril_chambers, slime_altar_1
Swamp:1:  evilmike_swamp_ruin_house_4, uniq_roxanne
Swamp:2:  cheibrodos_swamp_mausoleum, evilmike_swamp_ruin_house_1
Swamp:3:  evilmike_swamp_ruin_rubble_2, uniq_jorgrun, uniq_aizul
Orc:2:    st_orc_elflike, special_room
Lab:      labyrinth_mini_lab
IceCv:    ice_cave_statue_garden_teleport

Skill      XL: |  1  2  3  4  5  6  7  8  9 10 11 12 13 14 15 16 |
---------------+-------------------------------------------------+-----
Necromancy     | 5 6 7 8 9 10 11 12 14 16 | 16.4
Spellcasting   | 3 4 5 6 7 8 9 10 | 10.3
Fighting       | 4 5 7 9 10 13 | 13.1
Dodging        | 5 7 8 9 |  9.0
Maces & Flails | 2 7 10 11 12 | 12.0
Conjurations   | 2 8 |  8.0
Charms         | 1 4 |  4.0
Armour         | 3 4 |  4.9
Evocations     | 3 6 |  6.6
Shields        | 3 4 8 |  8.9
Stealth        | 3 |  3.6

Action                   |  1- 3 |  4- 6 |  7- 9 | 10-12 | 13-15 | 16-18 || total
-------------------------+-------+-------+-------+-------+-------+-------++-------
Melee: Dagger            |    15 |    19 |       |       |       |       ||    34
       Kick              |    11 |    11 |    32 |   195 |   510 |   258 ||  1017
       Peck              |     4 |     6 |    33 |   144 |   320 |   159 ||   666
       Whip              |    39 |       |       |       |       |       ||    39
       Quarterstaff      |       |    69 |   157 |       |       |       ||   226
       Flail             |       |       |    15 |   427 |       |       ||   442
       Demon whip        |       |       |       |   293 |  1667 |   697 ||  2657
Throw: Stone             |     1 |       |       |     1 |       |       ||     2
       Javelin           |       |       |       |       |     1 |       ||     1
       Throwing net      |       |       |       |       |       |     1 ||     1
 Cast: Animate Skeleton  |    12 |    20 |    22 |     2 |     1 |    14 ||    71
       Pain              |    25 |    43 |    43 |    73 |    32 |     3 ||   219
       Vampiric Draining |     1 |     4 |    30 |    42 |     4 |    19 ||   100
       Control Undead    |       |     2 |     3 |       |       |     5 ||    10
       Animate Dead      |       |       |     4 |       |     2 |    14 ||    20
       Agony             |       |       |     8 |    37 |    35 |       ||    80
       Bolt of Draining  |       |       |       |    13 |    19 |    19 ||    51
       Regeneration      |       |       |       |     2 |    17 |     3 ||    22
 Abil: Fly               |       |     2 |     9 |     9 |    11 |       ||    31
Evoke: Wand              |       |       |     7 |       |     9 |     1 ||    17
       Fan of gales      |       |       |       |       |     1 |       ||     1
       Box of beasts     |       |       |       |       |       |     1 ||     1
  Use: Potion            |       |     1 |     3 |     2 |     5 |       ||    11
       Scroll            |       |       |    25 |    13 |    15 |     7 ||    60
 Stab: Sleeping          |     1 |     4 |       |     4 |    11 |       ||    20
       Paralysed         |       |       |     2 |       |       |       ||     2
       Distracted        |       |       |       |     1 |     1 |     1 ||     3
       Confused          |       |       |       |       |       |     2 ||     2
  Eat: Chunk             |     5 |     9 |     8 |    23 |    54 |    10 ||   109
       Bread ration      |       |     1 |     2 |     2 |     1 |     4 ||    10
       Royal jelly       |       |       |     2 |       |       |       ||     2
       Meat ration       |       |       |       |     2 |     1 |       ||     3
       Beef jerky        |       |       |       |     1 |       |       ||     1
       Pizza             |       |       |       |       |     1 |       ||     1
Armor: Leather armour    |    13 |    23 |     8 |    88 |   154 |       ||   286
       Robe              |     1 |       |       |       |       |       ||     1
       Ring mail         |       |       |    58 |   126 |       |       ||   184
       Scale mail        |       |       |       |       |     5 |    86 ||    91
Dodge: Dodged            |    32 |    50 |   138 |   445 |   795 |   347 ||  1807
Block: Buckler           |       |       |       |       |    26 |       ||    26
       Shield            |       |       |       |       |   151 |   242 ||   393

Action                   |  1- 3 |  4- 6 |  7- 9 | 10-12 | 13-15 | 16-18 || total
-------------------------+-------+-------+-------+-------+-------+-------++-------
Melee: Dagger            |    15 |    19 |       |       |       |       ||    34
       Kick              |    11 |    11 |    32 |   195 |   510 |   258 ||  1017
       Peck              |     4 |     6 |    33 |   144 |   320 |   159 ||   666
       Whip              |    39 |       |       |       |       |       ||    39
       Quarterstaff      |       |    69 |   157 |       |       |       ||   226
       Flail             |       |       |    15 |   427 |       |       ||   442
       Demon whip        |       |       |       |   293 |  1667 |   697 ||  2657
Throw: Stone             |     1 |       |       |     1 |       |       ||     2
       Javelin           |       |       |       |       |     1 |       ||     1
       Throwing net      |       |       |       |       |       |     1 ||     1
 Cast: Animate Skeleton  |    12 |    20 |    22 |     2 |     1 |    14 ||    71
       Pain              |    25 |    43 |    43 |    73 |    32 |     3 ||   219
       Vampiric Draining |     1 |     4 |    30 |    42 |     4 |    19 ||   100
       Control Undead    |       |     2 |     3 |       |       |     5 ||    10
       Animate Dead      |       |       |     4 |       |     2 |    14 ||    20
       Agony             |       |       |     8 |    37 |    35 |       ||    80
       Bolt of Draining  |       |       |       |    13 |    19 |    19 ||    51
       Regeneration      |       |       |       |     2 |    17 |     3 ||    22
 Abil: Fly               |       |     2 |     9 |     9 |    11 |       ||    31
Evoke: Wand              |       |       |     7 |       |     9 |     1 ||    17
       Fan of gales      |       |       |       |       |     1 |       ||     1
       Box of beasts     |       |       |       |       |       |     1 ||     1
  Use: Potion            |       |     1 |     3 |     2 |     5 |       ||    11
       Scroll            |       |       |    25 |    13 |    15 |     7 ||    60
 Stab: Sleeping          |     1 |     4 |       |     4 |    11 |       ||    20
       Paralysed         |       |       |     2 |       |       |       ||     2
       Distracted        |       |       |       |     1 |     1 |     1 ||     3
       Confused          |       |       |       |       |       |     2 ||     2
  Eat: Chunk             |     5 |     9 |     8 |    23 |    54 |    10 ||   109
       Bread ration      |       |     1 |     2 |     2 |     1 |     4 ||    10
       Royal jelly       |       |       |     2 |       |       |       ||     2
       Meat ration       |       |       |       |     2 |     1 |       ||     3
       Beef jerky        |       |       |       |     1 |       |       ||     1
       Pizza             |       |       |       |       |     1 |       ||     1
Armor: Leather armour    |    13 |    23 |     8 |    88 |   154 |       ||   286
       Robe              |     1 |       |       |       |       |       ||     1
       Ring mail         |       |       |    58 |   126 |       |       ||   184
       Scale mail        |       |       |       |       |     5 |    86 ||    91
Dodge: Dodged            |    32 |    50 |   138 |   445 |   795 |   347 ||  1807
Block: Buckler           |       |       |       |       |    26 |       ||    26
       Shield            |       |       |       |       |   151 |   242 ||   393

Vault maps used:
D:1:      lightli_arrival_noodles, kennysheep_pointless_box
D:2:      uniq_crazy_yiuf_cottage
D:3:      nicolae_qazlal_eye_of_the_storm, minmay_misc_feat_hallway
D:4:      lemuel_crystal_altar, nicolae_gozag_cash_rules_everything_around_me,
          tgw_fedhas, nicolae_overflow_crystal_walls, first_bread,
          okawaru_ov_weapons_minmay
D:5:      minmay_diamond_boxcup, old_standard_altar, minmay_strange_pillars,
          uniq_grinder
D:6:      minmay_opposing_rooms, lemuel_coloured_pillars_altar
D:7:      eat_drink_and_be_merry_uskayaw, gammafunk_temple_overflow_statue,
          trog_book
D:8:      erik_lair_dragon, serial_glass, glass_columns_c, glass_columns_a
D:9:      grunt_temple_overflow_champion_of_chaos,
          nicolae_overflow_hidden_temple, grunt_livestock, led_sif_pool
D:10:     uniq_harold
D:11:     orc_0_dummy, minmay_protected_statue
D:12:     xom_teletrap_fun, uniq_kirke
D:13:     erik_vaults_1
D:14:     minmay_cut_squares, serial_shops, nicolae_shop_waterfront,
          basic_altar, minmay_door_square, lab_entry_generic, spider_trap,
          roderic_lattice_a, uniq_snorg
D:15:     grunt_enter_depths_giant_problem, grunt_decor_cap,
          nicolae_trove_entry_crystal, uniq_agnes, uniq_josephine
Lair:1:   minivault_26
Lair:2:   minmay_swamp_entry_reptiles, st_stairs_11, grunt_forest_stairs_basic
Lair:3:   basic_altar, minivault_29, grunt_megastairs_1
Lair:4:   guppyfry_snake_entry_garden, bh_autumn_forest_stairs
Lair:5:   portal_ice_cave_entry_ice_beasts, kilobyte_rumbling_trees,
          lemuel_fruit_tree, infiniplex_staircase_pool
Lair:6:   wormcave, hangedman_lair_tendril_chambers, slime_altar_1
Swamp:1:  evilmike_swamp_ruin_house_4, uniq_roxanne
Swamp:2:  cheibrodos_swamp_mausoleum, evilmike_swamp_ruin_house_1
Swamp:3:  evilmike_swamp_ruin_rubble_2, uniq_jorgrun, uniq_aizul
Orc:2:    st_orc_elflike, special_room
Lab:      labyrinth_mini_lab
IceCv:    ice_cave_statue_garden_teleport
